Map: Dusk Towers

Players

LilDicky

  • Race: Terran Terran
  • League: Diamond

Darkson - Winner!

  • Race: Terran Terran
  • League: Diamond

VOD

http://www.twitch.tv/tumescentpie

Description

Time

  • Played on: Dec. 11, 2015, 12:52 a.m.
  • Length: 23:37
Show
View Real Time Build Order
Export as new Build Order

LilDicky Terran 

Build Orders: Hellion Banshee 

Get SALT Encoding   

  12  0:02  SCV  
  14  0:14  SCV  
  14  0:18  Supply Depot  
  14  0:26  SCV  
  14  0:27  Refinery  
  15  0:40  SCV  
  16  0:45  Barracks  
  16  0:52  SCV  
  18  1:04  SCV  
  18  1:16  SCV  
  19  1:23  Refinery  
  19  1:28  SCV  
  20  1:33  Supply Depot, Reaper  
  21  1:40  Orbital Command  
  21  1:56  Factory  
  21  2:11  Barracks Reactor  
  21  2:15  SCV  
  22  2:16  Supply Depot  
  22  2:27  SCV  
  23  2:42  Starport  
  23  2:51  SCV  
  23  2:55  Barracks Tech Lab  
  24  3:09  SCV  
  24  3:11  Hellion x2  
  28  3:21  SCV  
  28  3:23  Cloaking Field  
  28  3:24  Banshee  
  32  3:29  Supply Depot  
  32  3:34  SCV, Hellion  
  35  3:39  Command Center  
  33  3:57  Hellion x2  
  37  4:04  SCV  
  37  4:07  Banshee  
  41  4:16  SCV  
  42  4:19  Hellion x2  
  42  4:23  Engineering Bay  
  46  4:28  SCV  
  46  4:29  Supply Depot  
  47  4:50  SCV  
  47  4:51  Hellion x2  
  52  5:06  SCV  
  53  5:07  Orbital Command  
  53  5:11  Missile Turret  
  53  5:15  Hellion x2  
  53  5:18  SCV  
  51  5:30  SCV  
  50  5:39  Banshee, Hellion x2  
  48  6:09  Hellion x2  
  48  6:12  SCV  
  48  6:16  SCV  
  48  6:17  Starport x2  
  50  6:20  Command Center, Refinery x2  
  50  6:22  Banshee  
  50  6:24  SCV  
  54  6:30  SCV, Hellion  
  54  6:31  Hellion  
  59  6:33  Factory  
  59  6:36  SCV  
  60  6:43  SCV  
  61  6:48  SCV  
  63  7:22  Hellion  
  63  7:23  Hellion  
  63  7:24  Viking x2  
  63  7:25  Viking  
  63  7:26  SCV  
  70  7:30  Supply Depot  
  70  7:32  Command Center  
  70  7:35  Orbital Command  
  70  7:36  Supply Depot  
  70  7:38  Factory Tech Lab  
  70  7:43  Missile Turret  
  70  7:46  SCV  
  70  7:48  SCV  
  70  7:50  Missile Turret  
  76  7:51  Hellion x2  
  76  7:57  Supply Depot  
  77  7:58  SCV, Orbital Command, Starport Reactor  
  77  7:59  Starport Reactor  
  77  8:00  Missile Turret  
  77  8:01  SCV  
  77  8:03  Siege Tank  
  81  8:11  SCV  
  82  8:13  SCV  
  83  8:21  Widow Mine x2  
  83  8:26  Missile Turret  
  88  8:34  SCV x2  
  88  8:35  SCV, Siege Tank  
  88  8:37  Viking x2  
  97  8:43  Viking  
  99  8:51  Banshee, Viking  
  104  8:59  SCV x3  
  107  9:03  Refinery, Orbital Command  
  107  9:06  Refinery  
  107  9:11  SCV x2  
  107  9:12  Viking x2  
  107  9:13  Medivac  
  107  9:16  Siege Tank  
  118  9:19  SCV  
  118  9:23  SCV x2  
  121  9:25  Refinery  
  121  9:27  Liberator  
  121  9:29  Hellion  
  123  9:31  SCV  
  124  9:44  Hellion  
  129  9:49  Hellion  
  129  9:52  Supply Depot  
  131  9:56  Liberator  
  131  10:10  SCV  
  131  10:13  Banshee, SCV x2  
  140  10:17  Supply Depot x3  
  140  10:18  Supply Depot  
  140  10:20  Liberator  
  140  10:39  Hellion  
  127  10:56  Banshee  
  98  11:04  Viking x3  
  93  11:05  Siege Tank, Widow Mine  
  93  11:06  Hellion  
  104  11:13  SCV x2  
  106  11:20  Viking  
  106  11:23  Command Center  
  108  11:26  Widow Mine  
  108  11:29  Factory  
  108  11:30  Factory x2  
  110  11:34  Viking  
  112  11:40  Armory  
  112  11:41  Supply Depot  
  112  11:42  Supply Depot, Armory  
  112  11:44  Hi-Sec Auto Tracking  
  112  11:50  Banshee, Viking x3  
  121  12:00  Infernal Pre-Igniter  
  121  12:04  Supply Depot  
  121  12:06  Supply Depot  
  121  12:11  Viking  
  121  12:14  Factory Tech Lab x2  
  121  12:15  Factory Tech Lab  
  123  12:16  Siege Tank  
  123  12:17  Hellion  
  123  12:18  Hellion  
  130  12:32  Marine  
  130  12:33  Banshee  
  134  12:38  SCV  
  135  12:49  Planetary Fortress  
  135  12:50  SCV  
  136  12:53  Siege Tank x2  
  136  12:54  Siege Tank  
  136  12:55  Hellion x2, Refinery  
  136  12:58  Refinery  
  149  13:03  Viking x3  
  149  13:04  Viking  
  155  13:07  Terran Vehicle And Ship Armor Level 1  
  155  13:12  Terran Vehicle Weapons Level 1  
  155  13:17  Armory, Fusion Core  
  155  13:19  Starport  
  155  13:34  Command Center  
  155  13:39  Command Center  
  155  13:43  Viking x2  
  155  13:48  Thor x4  
  171  13:51  Hellion x2  
  171  13:54  Refinery  
  187  14:09  Battlecruiser  
  193  14:16  Missile Turret  
  193  14:17  Missile Turret  
  193  14:22  Missile Turret x2  
  193  14:23  Missile Turret  
  193  14:31  Sensor Tower  
  193  14:34  Starport Tech Lab  
  193  14:37  Thor, Sensor Tower  
  199  14:53  Command Center  
  188  15:08  Battlecruiser, Viking  
  196  15:21  Missile Turret  
  196  15:28  Missile Turret  
  196  15:29  Orbital Command  
  196  15:31  Refinery  
  195  16:03  Planetary Fortress  
  195  16:07  Missile Turret  
  195  16:12  Planetary Fortress  
  195  16:14  Missile Turret  
  195  16:19  Missile Turret  
  195  16:25  Hyperflight Rotors  
  195  16:26  Advanced Ballistics  
  195  16:29  Terran Vehicle And Ship Armor Level 2  
  195  16:30  Terran Ship Weapons Level 1  
  195  16:31  Terran Vehicle Weapons Level 2  
  189  16:41  Missile Turret  
  186  16:59  Battlecruiser x2  
  126  17:46  Viking  
  126  17:47  Thor x3, Viking  
  148  17:59  Missile Turret  
  148  18:04  Battlecruiser x2  
  156  18:26  Viking x4  
  130  18:39  Thor  
  130  18:40  Hellion x5  
  146  18:51  SCV  
  147  18:56  Viking x4  
  147  19:01  Hellion x4  
  147  19:02  Hellion  
  161  19:08  Viking  
  160  19:21  Battlecruiser  
  160  19:22  Hellion  
  168  19:25  SCV  
  168  19:26  Viking, Refinery  
  171  19:35  Viking  
  171  19:36  Viking  
  171  19:37  SCV  
  171  19:38  Battlecruiser  
  170  19:49  SCV  
  111  20:01  SCV  
  111  20:05  Widow Mine x2  
  111  20:06  Widow Mine x4  
  110  20:13  SCV  
  103  20:25  Banshee  
  88  20:40  Terran Ship Weapons Level 2, Terran Vehicle And Ship Armor Level 3, Terran Vehicle Weapons Level 3  
  73  21:10  Viking x4  
  81  21:12  Hellion  
  81  21:13  Hellion x5  
  93  21:23  Viking  
  93  21:24  SCV x2  
  86  21:34  Hellion x6  
  95  21:57  Siege Tank x3  
  100  22:17  Banshee x2  
  90  22:27  Siege Tank  
  90  22:28  Hellion x2  
  90  22:29  Hellion x2  
Show
View Real Time Build Order
Export as new Build Order

Darkson Terran - Winner!

Build Orders: Reaper Expand, Mech 

Get SALT Encoding   

  12  0:01  SCV  
  13  0:13  SCV  
  14  0:18  Supply Depot  
  14  0:25  SCV  
  15  0:40  SCV, Barracks  
  16  0:48  Refinery  
  16  0:52  SCV  
  17  1:04  SCV  
  18  1:16  SCV  
  19  1:28  Orbital Command  
  19  1:36  Reaper  
  20  1:45  Command Center  
  20  1:55  SCV, Supply Depot  
  21  2:08  SCV, Reaper  
  22  2:09  Refinery  
  22  2:17  Barracks  
  22  2:26  SCV  
  23  2:36  Factory  
  23  2:38  SCV  
  23  2:43  Reaper  
  25  2:51  SCV, Supply Depot  
  26  3:00  Orbital Command  
  26  3:03  SCV  
  27  3:12  Barracks Tech Lab  
  27  3:15  SCV  
  27  3:19  Barracks Reactor  
  28  3:21  Factory Tech Lab, Starport  
  28  3:26  SCV  
  29  3:30  SCV  
  28  4:05  SCV  
  28  4:07  Engineering Bay  
  28  4:08  Hellion x2  
  28  4:09  Viking  
  35  4:15  Factory  
  35  4:20  Command Center  
  35  4:23  SCV x2  
  37  4:25  Refinery  
  37  4:27  Refinery  
  37  4:33  Hellion  
  37  4:34  Hellion  
  37  4:36  SCV  
  38  4:55  Raven  
  39  5:02  SCV x2  
  39  5:04  Missile Turret  
  34  5:19  SCV x2  
  31  5:31  SCV x2  
  31  5:33  Siege Tank  
  31  5:34  Hellion x2  
  38  5:42  Missile Turret  
  38  5:55  Supply Depot  
  35  6:07  Orbital Command  
  33  6:12  SCV x2  
  33  6:17  Supply Depot  
  35  6:24  SCV x2  
  37  6:34  SCV  
  37  6:36  SCV  
  39  6:40  Viking x2  
  39  6:46  SCV x2  
  45  6:58  SCV x3  
  48  7:04  Siege Tank x2  
  54  7:10  SCV x2  
  54  7:11  SCV  
  54  7:14  Liberator x2  
  54  7:25  SCV x2  
  54  7:28  SCV  
  57  7:36  Barracks Tech Lab  
  63  7:39  Factory  
  63  7:41  SCV x3  
  66  7:51  Armory  
  66  7:53  SCV x3  
  69  7:59  Supply Depot  
  69  8:00  Supply Depot  
  69  8:02  Supply Depot  
  69  8:16  Orbital Command, Liberator  
  69  8:20  SCV, Siege Tank x2  
  69  8:22  SCV  
  80  8:40  Hellion  
  82  8:43  SCV x2  
  82  8:44  SCV  
  85  8:53  Hellion  
  85  8:54  Supply Depot  
  85  8:55  Supply Depot, SCV  
  87  8:56  Supply Depot  
  87  8:57  SCV, Refinery  
  87  8:58  SCV  
  87  9:00  Refinery, Terran Vehicle Weapons Level 1  
  90  9:03  Armory  
  90  9:08  SCV  
  91  9:12  SCV  
  91  9:13  SCV  
  91  9:15  Supply Depot  
  91  9:16  Supply Depot  
  93  9:20  SCV, Viking x2  
  98  9:29  SCV x2  
  100  9:38  Hellion x4  
  100  9:39  Missile Turret x2  
  100  9:41  Missile Turret x2  
  100  9:42  Missile Turret  
  100  9:46  SCV x3  
  100  9:50  Missile Turret x2  
  103  10:05  Siege Tank x3  
  112  10:10  Factory  
  112  10:11  Terran Vehicle And Ship Armor Level 1, Factory  
  112  10:13  Factory  
  113  10:14  SCV x3  
  113  10:17  Building Armor  
  114  10:37  Siege Tank x3  
  106  11:09  Siege Tank x2  
  112  11:12  Command Center  
  112  11:13  Siege Tank  
  112  11:15  Factory Tech Lab, Factory Reactor  
  112  11:16  Factory Tech Lab  
  115  11:32  Liberator  
  115  11:33  Missile Turret  
  115  11:35  Refinery  
  115  11:38  Missile Turret  
  115  11:39  Missile Turret  
  115  11:40  Refinery  
  115  11:41  Hellion x2  
  115  11:44  SCV x3  
  115  11:45  Hellion  
  124  11:47  Siege Tank  
  124  11:48  Siege Tank  
  133  12:03  SCV, Hellion, Siege Tank  
  133  12:06  Terran Vehicle Weapons Level 2, Supply Depot  
  133  12:07  Supply Depot  
  139  12:08  Supply Depot  
  139  12:12  Terran Vehicle And Ship Armor Level 2, Liberator  
  139  12:15  Liberator  
  139  12:17  Missile Turret x4  
  139  12:20  Missile Turret  
  141  12:32  SCV x2  
  146  12:54  Command Center  
  146  12:55  Liberator  
  146  12:58  Liberator  
  146  13:07  Thor  
  155  13:15  Hi-Sec Auto Tracking  
  158  13:21  Planetary Fortress  
  158  13:30  Missile Turret  
  158  13:31  Missile Turret  
  158  13:38  Missile Turret  
  158  13:39  Missile Turret  
  158  13:41  Siege Tank x2  
  158  13:43  Thor, Missile Turret  
  158  13:44  Missile Turret  
  170  13:59  Hellion x2  
  170  14:00  Hellion x4  
  170  14:05  Hellbat x3  
  170  14:06  Hellbat  
  170  14:08  Orbital Command  
  178  14:14  Hellbat  
  180  14:17  Thor  
  186  14:24  Refinery  
  186  14:26  Thor  
  186  14:28  Refinery  
  186  14:30  Thor  
  198  14:32  Terran Vehicle Weapons Level 3  
  198  14:35  Terran Vehicle And Ship Armor Level 3  
  198  14:47  Infernal Pre-Igniter  
  186  15:11  Starport  
  186  15:12  Hellion x3, Starport  
  186  15:13  Starport  
  186  15:14  Starport  
  186  15:20  Orbital Command  
  186  15:22  Viking x2  
  186  15:28  Refinery  
  190  15:33  Refinery  
  190  15:39  Command Center  
  189  15:55  Starport Tech Lab x3  
  189  15:56  Starport Tech Lab  
  189  16:17  Corvid Reactor  
  189  16:18  Fusion Core  
  189  16:20  Raven x2  
  189  16:21  Raven x2  
  196  16:27  Command Center  
  190  16:42  Orbital Command  
  190  17:02  Orbital Command  
  190  17:03  Raven x3  
  196  17:09  Explosive Shrapnel Shells  
  196  17:16  Terran Ship Weapons Level 1  
  185  17:41  Viking x2  
  185  17:42  Viking  
  175  17:46  Viking x3  
  177  18:11  Viking x2  
  177  18:12  Viking  
  183  18:16  Viking x2  
  175  18:30  Liberator x2  
  175  18:31  Liberator x3  
  175  18:32  Liberator  
  179  18:57  Refinery  
  171  19:13  Missile Turret, Liberator x3  
  171  19:14  Command Center, Missile Turret  
  171  19:15  Missile Turret  
  171  19:17  Missile Turret  
  171  19:19  Missile Turret  
  177  19:36  Thor x3  
  195  19:50  Liberator  
  167  20:02  Siege Tank x2  
  167  20:03  Hellbat x2  
  166  20:20  Hellbat  
  153  20:36  Siege Tank  
  153  20:37  Siege Tank x2  
  162  20:55  Hellbat x4  
  170  20:58  Viking x3  
  176  21:09  Hellbat  
  172  21:14  Refinery  
  172  21:16  Refinery  
  170  21:32  Raven x2  
  170  21:36  Hellbat x6  
  186  21:45  Planetary Fortress  
  177  22:12  Raven x2  
  177  22:15  Raven  
  181  22:17  Siege Tank  
  180  22:23  Missile Turret  
  180  22:25  Missile Turret  
  180  22:26  Missile Turret  
  170  22:37  Supply Depot x2  
  170  22:38  Supply Depot  
Tags
 
Add a new tag
Caveats
  • Supply blocks, unpowered buildings, or Contaminate may cause inaccurate times.
  • Supply counts are checked every 10 seconds.